[Event "Modransky Cup 2025"]
[Site "Modra"]
[Date "2025.02.21"]
[Round "2.2"]
[White "Shirinyan, Daniel"]
[Black "Skaraiev, Mykhailo"]
[Result "1-0"]
[Annotator "RC"]
[ECO "E49"]
[WhiteElo "2231"]
[BlackElo "1980"]
[PlyCount "94"]
[EventDate "2025.02.20"]
[EventCountry "SVK"]
[SourceTitle "playchess.com"]
[Source "ChessBase"]
[SourceQuality "1"]
[TimeControl "5400+30"]

1. d4 Nf6 2. c4 e6 3. Nc3 Bb4 4. f3 d5 5. a3 Bxc3+ 6. bxc3 c5 7. cxd5 exd5 8. e3 O-O 9. Bd3 c4 10. Bc2 Re8 11. Ne2 Nc6 12. O-O Bd7 13. Ng3 h5 14. e4 h4 15. Nf5 Bxf5 16. exf5 Nh7 17. Bf4 h3 18. g4 Qa5 19. Qd2 Re7 20. a4 Rae8 21. Rae1 Rxe1 22. Rxe1 Rxe1+ 23. Qxe1 Nxd4 24. Qe8+ Nf8 25. cxd4 Qc3 26. Qe2 Qxd4+ 27. Be3 Qe5 28. Qd2 Qa1+ 29. Qd1 Qe5 30. Qd4 Nd7 31. Bd1 b6 32. f4 Qe7 33. Bf3 Qb4 34. Kf2 Nc5 35. Bxd5 Nd3+ 36. Kg3 Qe1+ 37. Kxh3 Qf1+ 38. Kg3 Qe1+ 39. Bf2 Nxf2 40. Qxf2 Qc3+ 41. Qf3 Qe1+ 42. Kh3 c3 43. Qd3 a6 44. Be4 b5 45. axb5 axb5 46. Qd8+ Kh7 47. Qh4+ Qxh4+ 1-0

[Event "Modransky Cup 2025"]
[Site "Modra"]
[Date "2025.02.21"]
[Round "2.3"]
[White "Galla, Richard"]
[Black "Banas, Kamil"]
[Result "1/2-1/2"]
[Annotator "RC"]
[ECO "E04"]
[WhiteElo "1960"]
[BlackElo "2178"]
[PlyCount "36"]
[EventDate "2025.02.20"]
[EventCountry "SVK"]
[SourceTitle "playchess.com"]
[Source "ChessBase"]
[SourceQuality "1"]
[TimeControl "5400+30"]

1. d4 d5 2. c4 e6 3. Nf3 Nf6 4. g3 dxc4 5. Bg2 Nc6 6. O-O Rb8 7. a4 a6 8. Na3 b5 9. axb5 axb5 10. Bg5 Be7 11. Nxb5 Rxb5 12. Qa4 Rb4 13. Qxc6+ Bd7 14. Qa6 O-O 15. Bd2 Rxb2 16. Qxc4 Ne4 17. Qc1 Nxd2 18. Nxd2 Rb8 1/2-1/2

[Event "Modransky Cup 2025"]
[Site "Modra"]
[Date "2025.02.21"]
[Round "2.4"]
[White "Oruzinsky, Juraj"]
[Black "Smetana, Peter"]
[Result "1/2-1/2"]
[Annotator "RC"]
[ECO "B22"]
[WhiteElo "2171"]
[BlackElo "1947"]
[PlyCount "172"]
[EventDate "2025.02.20"]
[EventCountry "SVK"]
[SourceTitle "playchess.com"]
[Source "ChessBase"]
[SourceQuality "1"]
[TimeControl "5400+30"]

1. e4 c5 2. c3 d5 3. exd5 Qxd5 4. d4 Nf6 5. Nf3 Bg4 6. Nbd2 e6 7. Bc4 Qd7 8. Qb3 Bxf3 9. Nxf3 Qc8 10. O-O Be7 11. Re1 Nc6 12. dxc5 Nd7 13. Qc2 Nxc5 14. Bg5 h6 15. Bxe7 Nxe7 16. Bb5+ Nc6 17. Rad1 O-O 18. Bxc6 Qxc6 19. Ne5 Qc8 20. b4 Na6 21. Rd4 Nc7 22. c4 Nd5 23. Qd2 Nf6 24. Ng4 Nxg4 25. Rxg4 e5 26. h3 Qe6 27. Qc3 Rfe8 28. Rge4 Qd7 29. Rxe5 Rxe5 30. Rxe5 Qa4 31. Qb3 Qd7 32. Rd5 Qe6 33. Qe3 Qa6 34. Qf4 Rc8 35. Rd7 Qe6 36. Rxb7 Rxc4 37. Qd2 Re4 38. Qd8+ Kh7 39. Qd3 g6 40. Qf3 Kg7 41. Rxa7 Re1+ 42. Kh2 Qd6+ 43. g3 Qe6 44. a4 Re5 45. b5 Rf5 46. Qe3 Qa2 47. Kg1 Qa1+ 48. Kg2 Qd1 49. Re7 Qxa4 50. b6 Qc6+ 51. Kh2 Rb5 52. Qd4+ Qf6 53. Qxf6+ Kxf6 54. Rb7 Ke6 55. Rb8 Kd7 56. b7 Ke7 57. Kg2 h5 58. Kf3 Rb3+ 59. Ke4 Rb4+ 60. Kd5 Rb1 61. g4 hxg4 62. hxg4 g5 63. f4 Kf6 64. fxg5+ Kg7 65. g6 fxg6 66. Ke4 Re1+ 67. Kf4 Rb1 68. Rc8 Rxb7 69. Rc5 Kf6 70. Rc6+ Kf7 71. Kg5 Kg7 72. Rxg6+ Kh7 73. Rd6 Kg7 74. Rd5 Rb8 75. Rd7+ Kg8 76. Kh6 Rb6+ 77. Kh5 Rb8 78. g5 Ra8 79. Re7 Rb8 80. Ra7 Rb6 81. Ra8+ Kg7 82. Ra7+ Kg8 83. Ra8+ Kg7 84. Rc8 Ra6 85. Rc7+ Kg8 86. g6 Ra1 1/2-1/2

[Event "Modransky Cup 2025"]
[Site "Modra"]
[Date "2025.02.21"]
[Round "2.5"]
[White "Petrik, Matus"]
[Black "Hitka, Dominik"]
[Result "1-0"]
[Annotator "NA RC"]
[ECO "A96"]
[WhiteElo "1880"]
[BlackElo "2099"]
[PlyCount "65"]
[EventDate "2025.02.20"]
[EventCountry "SVK"]
[SourceTitle "playchess.com"]
[Source "ChessBase"]
[SourceQuality "1"]
[TimeControl "5400+30"]

1. c4 f5 2. Nf3 Nf6 3. Nc3 d6 4. d4 e6 5. g3 Be7 6. Bg2 O-O 7. O-O Ne4 8. Qc2 Nxc3 9. Qxc3 Bf6 10. Qb3 Kh8 11. Rd1 Qe7 12. Bd2 e5 13. dxe5 dxe5 14. Bc3 Nc6 15. Rac1 f4 16. Nd2 Bg5 17. Be4 Qf6 18. Rf1 Bh3 19. Bg2 Bxg2 20. Kxg2 Qh6 21. Rcd1 b6 22. Ne4 Rad8 23. Nxg5 Qxg5 24. Qb5 Qf6 25. gxf4 Qg6+ 26. Kh1 Qe4+ 27. f3 Qxe2 28. Rde1 Nd4 29. Rxe2 Nxb5 30. cxb5 Rxf4 31. Bxe5 Rc4 32. Rg1 Rc5 33. Bxg7+ 1-0

[Event "Modransky Cup 2025"]
[Site "Modra"]
[Date "2025.02.21"]
[Round "2.6"]
[White "Chlpek, Daniel"]
[Black "Bucor, Mark"]
[Result "1/2-1/2"]
[Annotator "NA"]
[ECO "B13"]
[WhiteElo "2039"]
[BlackElo "1875"]
[PlyCount "78"]
[EventDate "2025.02.20"]
[EventCountry "SVK"]
[SourceTitle "playchess.com"]
[Source "ChessBase"]
[SourceQuality "1"]
[TimeControl "5400+30"]

1. e4 c6 2. d4 d5 3. exd5 cxd5 4. Bd3 Nf6 5. c3 Nc6 6. h3 g6 7. Bf4 Bf5 8. Bxf5 gxf5 9. Nf3 Bg7 10. Ne5 Qb6 11. Nd3 Rc8 12. O-O O-O 13. Nd2 Ne4 14. Qh5 Qb5 15. Qf3 e6 16. a4 Qb6 17. Nxe4 fxe4 18. Qg3 Kh8 19. a5 Qb5 20. Ne5 Nxe5 21. Bxe5 f6 22. Bd6 Rf7 23. Qg4 Qd7 24. Bc5 Rg8 25. Qh4 a6 26. Qf4 f5 27. b3 e5 28. dxe5 Qe6 29. Kh1 Bh6 30. Qh4 Bg5 31. Qh5 Rfg7 32. f4 Bd8 33. Ra2 Rg3 34. Bd4 R8g6 35. Kh2 Rd3 36. Rd1 Rdg3 37. Rf1 Rd3 38. Rd1 Rdg3 39. Rf1 Rd3 1/2-1/2

[Event "Modransky Cup 2025"]
[Site "Modra"]
[Date "2025.02.21"]
[Round "2.7"]
[White "Kukla, Tomas"]
[Black "Pongo, Aron"]
[Result "1-0"]
[Annotator "NA"]
[ECO "D38"]
[WhiteElo "1856"]
[BlackElo "2030"]
[PlyCount "76"]
[EventDate "2025.02.20"]
[EventCountry "SVK"]
[SourceTitle "playchess.com"]
[Source "ChessBase"]
[SourceQuality "1"]
[TimeControl "5400+30"]

1. d4 Nf6 2. c4 e6 3. Nf3 d5 4. Nc3 Bb4 5. Bg5 h6 6. Bxf6 Qxf6 7. e3 O-O 8. Bd3 dxc4 9. Bxc4 c5 10. a3 cxd4 11. exd4 Bxc3+ 12. bxc3 b6 13. O-O Bb7 14. Ne5 Rd8 15. f4 Bd5 16. Bd3 Nd7 17. Qh5 Qe7 18. Rae1 Nf6 19. Qh4 Qb7 20. Re3 Kf8 21. g4 Nd7 22. f5 Nxe5 23. Rxe5 f6 24. fxe6 Ke7 25. Re3 Rac8 26. Qe1 Qc7 27. Bb5 Qd6 28. Bd7 Rc7 29. a4 Bb7 30. Rf5 g6 31. Rxf6 Kxf6 32. Qf2+ Kg7 33. Qf7+ Kh8 34. Rh3 Qf8 35. Qxg6 Qg7 36. Rxh6+ Kg8 37. Qh5 Be4 38. Rh8+ Qxh8 1-0

[Event "Modransky Cup 2025"]
[Site "Modra"]
[Date "2025.02.21"]
[Round "2.8"]
[White "Iankin, Arseni"]
[Black "Osvald, David"]
[Result "1/2-1/2"]
[Annotator "NA RC"]
[ECO "B12"]
[WhiteElo "2016"]
[BlackElo "1852"]
[PlyCount "65"]
[EventDate "2025.02.20"]
[EventCountry "SVK"]
[SourceTitle "playchess.com"]
[Source "ChessBase"]
[SourceQuality "1"]
[TimeControl "5400+30"]

1. e4 c6 2. d4 d5 3. e5 Bf5 4. h4 h5 5. Bd3 Bxd3 6. Qxd3 Qa5+ 7. b4 Qxb4+ 8. Nd2 e6 9. Rb1 Qe7 10. Ne2 b5 11. a4 a6 12. Nf3 Qa7 13. Ng5 Nh6 14. Nf4 Nf5 15. c3 Nd7 16. Rh3 Nb6 17. axb5 cxb5 18. Nxh5 Rxh5 19. g4 Rxg5 20. Bxg5 Ne7 21. f4 Qc7 22. f5 Qc4 23. f6 Qxd3 24. Rxd3 Ng8 25. fxg7 Bxg7 26. Rf3 Nd7 27. Kd2 f6 28. exf6 Ngxf6 29. Bxf6 Nxf6 30. Kd3 Rc8 31. Ra1 Rc6 32. Rf2 Ne4 33. Rc2 1/2-1/2

[Event "Modransky Cup 2025"]
[Site "Modra"]
[Date "2025.02.21"]
[Round "2.9"]
[White "Grom, Stanislav"]
[Black "Durana, Jonas"]
[Result "0-1"]
[Annotator "NA RC"]
[ECO "D02"]
[WhiteElo "1846"]
[BlackElo "2006"]
[PlyCount "45"]
[EventDate "2025.02.20"]
[EventCountry "SVK"]
[SourceTitle "playchess.com"]
[Source "ChessBase"]
[SourceQuality "1"]
[TimeControl "5400+30"]

1. d4 Nf6 2. Bf4 e6 3. c3 d5 4. e3 Bd6 5. Bg3 O-O 6. Nf3 c5 7. Bd3 Qc7 8. O-O Nbd7 9. Bxd6 Qxd6 10. Nbd2 e5 11. dxe5 Nxe5 12. Nxe5 Qxe5 13. Nf3 Qc7 14. h3 b6 15. Re1 Bb7 16. Rc1 Rad8 17. Qc2 h6 18. b4 g6 19. bxc5 bxc5 20. c4 d4 21. e4 Nd7 22. e5 Bxf3 23. Bxg6 0-1

[Event "Modransky Cup 2025"]
[Site "Modra"]
[Date "2025.02.21"]
[Round "2.10"]
[White "Meszaros, Casey Ryan"]
[Black "Ondreicka, Roman"]
[Result "1/2-1/2"]
[Annotator "RC"]
[ECO "B02"]
[WhiteElo "2003"]
[BlackElo "1842"]
[PlyCount "134"]
[EventDate "2025.02.20"]
[EventCountry "SVK"]
[SourceTitle "playchess.com"]
[Source "ChessBase"]
[SourceQuality "1"]
[TimeControl "5400+30"]

1. e4 Nf6 2. Nc3 d5 3. exd5 Nxd5 4. g3 Nxc3 5. bxc3 g6 6. Bg2 Bg7 7. Rb1 c6 8. Ne2 O-O 9. d4 Nd7 10. Be3 Nb6 11. O-O Be6 12. a3 Bc4 13. Re1 Qd7 14. Nf4 Nd5 15. Qd2 Nxf4 16. Bxf4 b5 17. Qe3 e6 18. h4 Bd5 19. h5 Rae8 20. Bf1 f6 21. hxg6 hxg6 22. c4 bxc4 23. Qc3 g5 24. Bd2 Kf7 25. Bxc4 Rh8 26. f3 Rh3 27. Bxd5 Qxd5 28. Kg2 Reh8 29. Rh1 g4 30. Rxh3 Rxh3 31. Rb7+ Kg6 32. Qd3+ f5 33. Bc3 Qd6 34. Be1 Qxd4 35. Qxd4 Bxd4 36. Rc7 Rh8 37. Rxc6 gxf3+ 38. Kxf3 Kf6 39. Rc4 Be5 40. Ra4 Rh7 41. Bf2 Bb8 42. Ra6 Re7 43. c4 Rb7 44. c5 Rb3+ 45. Kg2 Rb2 46. Kf1 Rc2 47. Bd4+ Ke7 48. Bf2 Kd7 49. Ra4 Ke7 50. Rh4 Rc3 51. Bd4 Rxg3 52. Rh7+ Kf8 53. Rb7 Bf4 54. Rxa7 e5 55. Bf2 Rc3 56. Rh7 Rc1+ 57. Kg2 Rc2 58. Rh5 Ke7 59. Rxf5 Ra2 60. c6 Kd6 61. Rf6+ Kc7 62. Kf3 Rxa3+ 63. Ke4 Ra4+ 64. Kd5 Ra5+ 65. Kc4 Ra1 66. Kd5 Rd1+ 67. Ke4 Rc1 1/2-1/2

[Event "Modransky Cup 2025"]
[Site "Modra"]
[Date "2025.02.21"]
[Round "2.11"]
[White "Pisarcik, Richard"]
[Black "Janik, Marek Tobias"]
[Result "0-1"]
[Annotator "RC"]
[ECO "C00"]
[WhiteElo "1837"]
[BlackElo "2002"]
[PlyCount "106"]
[EventDate "2025.02.20"]
[EventCountry "SVK"]
[SourceTitle "playchess.com"]
[Source "ChessBase"]
[SourceQuality "1"]
[TimeControl "5400+30"]

1. e4 c5 2. Nf3 a6 3. b4 cxb4 4. a3 e6 5. axb4 Bxb4 6. c3 Be7 7. d4 d5 8. e5 Nc6 9. Bd3 Bd7 10. Ba3 Rc8 11. O-O Na7 12. Bxe7 Qxe7 13. Qd2 Bb5 14. Na3 Bxd3 15. Qxd3 Qc7 16. Rfc1 Ne7 17. h4 b5 18. Nb1 Qb6 19. Ng5 h6 20. Nf3 Nec6 21. Nbd2 Na5 22. g4 N7c6 23. g5 hxg5 24. hxg5 g6 25. Nh2 Rh5 26. Qe3 Qd8 27. f4 Ke7 28. Ng4 Qh8 29. Nh6 Qg7 30. Kg2 Rb8 31. Rh1 Rxh1 32. Rxh1 b4 33. cxb4 Rxb4 34. Qc3 Rxd4 35. Qc5+ Ke8 36. Nf3 Rxf4 37. Ra1 Rc4 38. Qd6 Qf8 39. Qc7 Qe7 40. Qxe7+ Kxe7 41. Ng8+ Kd8 42. Nh6 Ke8 43. Rf1 Rc2+ 44. Kg3 Rc3 45. Kh2 Nd8 46. Nh4 Nac6 47. Ng4 Kd7 48. Nf6+ Kc8 49. Nf3 Re3 50. Ng4 Re2+ 51. Kg3 a5 52. Rc1 Kb7 53. Rb1+ Ka6 0-1

[Event "Modransky Cup 2025"]
[Site "Modra"]
[Date "2025.02.21"]
[Round "2.12"]
[White "Banas, Samuel"]
[Black "Rozboril, Alex"]
[Result "0-1"]
[Annotator "NA RC"]
[ECO "B31"]
[WhiteElo "1617"]
[BlackElo "1633"]
[PlyCount "57"]
[EventDate "2025.02.20"]
[EventCountry "SVK"]
[SourceTitle "playchess.com"]
[Source "ChessBase"]
[SourceQuality "1"]
[TimeControl "5400+30"]

1. e4 c5 2. Nf3 Nc6 3. c3 g6 4. Bb5 Bg7 5. d4 cxd4 6. cxd4 Nf6 7. Nc3 a6 8. Ba4 e6 9. Bg5 Qa5 10. O-O d5 11. Bc2 O-O 12. e5 Nd7 13. Rc1 b5 14. a3 Nb6 15. Bd3 Nc4 16. Bxc4 bxc4 17. Na4 Rb8 18. Qc2 Bd7 19. Nc5 Nxd4 20. Nxd4 Qxc5 21. Be3 Qb6 22. Nf3 Qxb2 23. Qxb2 Rxb2 24. Rb1 Rfb8 25. Rxb2 Rxb2 26. Rc1 Ra2 27. Bc5 Bf8 28. Bxf8 Kxf8 29. Rc3 0-1

[Event "Modransky Cup 2025"]
[Site "Modra"]
[Date "2025.02.21"]
[Round "2.13"]
[White "Krajnak, Robert"]
[Black "Povysil, Peter"]
[Result "1/2-1/2"]
[Annotator "NA"]
[ECO "A10"]
[WhiteElo "1921"]
[BlackElo "1890"]
[PlyCount "97"]
[EventDate "2025.02.20"]
[EventCountry "SVK"]
[SourceTitle "playchess.com"]
[Source "ChessBase"]
[SourceQuality "1"]
[TimeControl "5400+30"]

1. c4 f5 2. g3 Nf6 3. Bg2 e6 4. Nf3 c6 5. O-O d5 6. b3 Bd6 7. Ba3 Bxa3 8. Nxa3 Qe7 9. Nc2 e5 10. d4 e4 11. Ne5 O-O 12. e3 Nbd7 13. Nxd7 Bxd7 14. c5 Kh8 15. Qd2 Rf7 16. b4 g5 17. f4 exf3 18. Bxf3 Ne4 19. Qg2 Rg8 20. Bxe4 dxe4 21. Rae1 Be6 22. d5 Bxd5 23. Nd4 f4 24. Qb2 Qe5 25. g4 h5 26. h3 f3 27. Qh2 Qxh2+ 28. Kxh2 Bxa2 29. Ra1 Bc4 30. Rf2 a6 31. Nf5 Rh7 32. Kg3 h4+ 33. Kh2 Rd7 34. Nd6 Bd3 35. Rd2 Re7 36. Kg1 Rb8 37. Nf5 Rf7 38. Nd4 Rf6 39. Rc1 b6 40. Kf2 bxc5 41. bxc5 Kg8 42. Nf5 Kf8 43. Ra1 Rf7 44. Nd6 Ra7 45. Nf5 a5 46. Nd4 Ra6 47. Nxf3 Kg7 48. Nxg5 Kf6 49. Nf3 1/2-1/2

[Event "Modransky Cup 2025"]
[Site "Modra"]
[Date "2025.02.21"]
[Round "2.14"]
[White "Hudak, Michal"]
[Black "Vorsilka, Jiri"]
[Result "1/2-1/2"]
[Annotator "NA RC"]
[ECO "D05"]
[WhiteElo "1823"]
[BlackElo "1653"]
[PlyCount "109"]
[EventDate "2025.02.20"]
[EventCountry "SVK"]
[SourceTitle "playchess.com"]
[Source "ChessBase"]
[SourceQuality "1"]
[TimeControl "5400+30"]

1. d4 d5 2. Nf3 Nf6 3. e3 e6 4. Bd3 b6 5. Nbd2 Bb7 6. O-O Bd6 7. Qe2 Nbd7 8. e4 dxe4 9. Nxe4 O-O 10. Bg5 h6 11. Bh4 Be7 12. Nxf6+ Nxf6 13. Be4 Nd7 14. c3 Bxe4 15. Qxe4 Bxh4 16. Qxh4 Qxh4 17. Nxh4 Nf6 18. Nf3 Rac8 19. Rad1 Rfd8 20. Ne5 c6 21. Rd3 Nd7 22. Rfd1 Nxe5 23. dxe5 Rd5 24. Rxd5 cxd5 25. Rd4 g5 26. f4 Kg7 27. f5 exf5 28. Rxd5 f4 29. Kf2 Re8 30. Kf3 Kg6 31. Rd6+ Kf5 32. Rf6+ Kxe5 33. Rxf7 a5 34. Kg4 Re6 35. h4 gxh4 36. Rf5+ Kd6 37. Rxf4 Re2 38. Kf3 Rxb2 39. Rxh4 Rxa2 40. Rxh6+ Kc5 41. g4 Rd2 42. Ke3 Rd7 43. g5 Rg7 44. Kf4 a4 45. Kf5 a3 46. Rh2 Kc4 47. Kf6 Rxg5 48. Kxg5 Kb3 49. Kf4 a2 50. Rxa2 Kxa2 51. Ke3 Kb3 52. Kd4 b5 53. Kd3 Ka4 54. c4 bxc4+ 55. Kxc4 1/2-1/2

[Event "Modransky Cup 2025"]
[Site "Modra"]
[Date "2025.02.21"]
[Round "2.15"]
[White "Hrckova, Anna"]
[Black "Nosal, Tobias"]
[Result "0-1"]
[Annotator "NA RC"]
[ECO "C07"]
[WhiteElo "1655"]
[BlackElo "1807"]
[PlyCount "47"]
[EventDate "2025.02.20"]
[EventCountry "SVK"]
[SourceTitle "playchess.com"]
[Source "ChessBase"]
[SourceQuality "1"]
[TimeControl "5400+30"]

1. e4 e6 2. d4 d5 3. Nd2 c5 4. Ngf3 cxd4 5. exd5 Qxd5 6. Bc4 Qd7 7. O-O Nc6 8. Nb3 Nf6 9. Nbxd4 Nxd4 10. Nxd4 a6 11. Bb3 Bc5 12. c3 b5 13. Bg5 Bxd4 14. cxd4 Bb7 15. Re1 Rd8 16. Bxf6 gxf6 17. Qh5 Bd5 18. Bc2 Ke7 19. Qh4 Rdg8 20. g3 h5 21. Bf5 Rg5 22. Bh3 Bc6 23. Rac1 Qd5 24. Qf4 0-1

[Event "Modransky Cup 2025"]
[Site "Modra"]
[Date "2025.02.21"]
[Round "2.16"]
[White "Sekera, Timotej"]
[Black "Chojnacki, Kevin"]
[Result "1-0"]
[Annotator "NA RC"]
[ECO "B03"]
[WhiteElo "1802"]
[BlackElo "1643"]
[PlyCount "103"]
[EventDate "2025.02.20"]
[EventCountry "SVK"]
[SourceTitle "playchess.com"]
[Source "ChessBase"]
[SourceQuality "1"]
[TimeControl "5400+30"]

1. e4 Nf6 2. e5 Nd5 3. d4 Nb6 4. Nf3 d5 5. Bd3 Bg4 6. a4 a5 7. Na3 e6 8. h3 Bxf3 9. Qxf3 c6 10. b3 Na6 11. c3 Nc7 12. Nc2 c5 13. Ba3 Nd7 14. Qg3 g6 15. O-O Rb8 16. dxc5 Nxc5 17. Nd4 Be7 18. Bc2 Nd7 19. Bxe7 Qxe7 20. f4 Rc8 21. f5 exf5 22. Bxf5 Ne6 23. Bxe6 fxe6 24. Nb5 Qc5+ 25. Kh1 Rc6 26. Nd6+ Rxd6 27. exd6 e5 28. Qf2 Qxd6 29. Qf7+ Kd8 30. Rad1 Rf8 31. Qxh7 Re8 32. Qh4+ Kc7 33. Qg3 Re7 34. Qd3 Nc5 35. Qxd5 Qxd5 36. Rxd5 Nxb3 37. Rb5 Nd2 38. Rd1 Ne4 39. Re1 Nf2+ 40. Kg1 Nd3 41. Re3 e4 42. Rxa5 Kb6 43. Rd5 Nf4 44. Rd4 g5 45. Rdxe4 Rd7 46. Rd4 Rc7 47. Rb4+ Ka6 48. Rb5 Rxc3 49. Rxc3 Ne2+ 50. Kf2 Nxc3 51. Rxg5 Nxa4 52. h4 1-0

[Event "Modransky Cup 2025"]
[Site "Modra"]
[Date "2025.02.21"]
[Round "2.17"]
[White "Soldan, Jan"]
[Black "Pikulik, Roman"]
[Result "1-0"]
[Annotator "NA"]
[ECO "B34"]
[WhiteElo "1756"]
[BlackElo "1595"]
[PlyCount "80"]
[EventDate "2025.02.20"]
[EventCountry "SVK"]
[SourceTitle "playchess.com"]
[Source "ChessBase"]
[SourceQuality "1"]
[TimeControl "5400+30"]

1. e4 c5 2. Nf3 Nc6 3. d4 cxd4 4. Nxd4 g6 5. Nc3 Bg7 6. Be3 Nf6 7. Nxc6 bxc6 8. e5 Nd5 9. Nxd5 cxd5 10. Qxd5 Rb8 11. Bc4 O-O 12. O-O e6 13. Qd4 Rb4 14. Qc5 a5 15. a3 Rb8 16. Rab1 Bb7 17. Bb3 Bc6 18. a4 Rc8 19. Qd4 d5 20. f4 Qd7 21. Rf3 f5 22. h4 h5 23. Bd2 Ra8 24. Rc3 Rfc8 25. Rc5 Bf8 26. Rxa5 Rxa5 27. Bxa5 Qb7 28. Kh1 Ra8 29. Bc3 Bxa4 30. Bxa4 Qc7 31. Bb3 Kf7 32. Rd1 Be7 33. g3 Bc5 34. Qd2 Rd8 35. Bb4 Bb6 36. Bd6 Qc6 37. Qg2 Bc7 38. Rxd5 Rxd6 39. exd6 Bxd6 40. Rxd6 Qxd6 1-0

[Event "Modransky Cup 2025"]
[Site "Modra"]
[Date "2025.02.21"]
[Round "2.18"]
[White "Banas, Kamil"]
[Black "Wolak, Jan"]
[Result "0-1"]
[Annotator "NA RC"]
[ECO "B90"]
[WhiteElo "1651"]
[BlackElo "1762"]
[PlyCount "58"]
[EventDate "2025.02.20"]
[EventCountry "SVK"]
[SourceTitle "playchess.com"]
[Source "ChessBase"]
[SourceQuality "1"]
[TimeControl "5400+30"]

1. e4 c5 2. Nf3 d6 3. d4 cxd4 4. Nxd4 Nf6 5. Nc3 a6 6. Be3 e5 7. Nb3 Be6 8. f3 Be7 9. Qd2 O-O 10. O-O-O Qc7 11. h4 Rc8 12. g4 d5 13. exd5 Nxd5 14. Nxd5 Bxd5 15. Be2 a5 16. Kb1 a4 17. Na1 Bc4 18. Bxc4 Qxc4 19. g5 Na6 20. h5 Nb4 21. b3 axb3 22. cxb3 Qe6 23. a4 Qf5+ 24. Kb2 b5 25. Rh2 bxa4 26. bxa4 Rxa4 27. Kb3 Qe6+ 28. Kxa4 Ra8+ 29. Kb5 Qc6# 0-1

[Event "Modransky Cup 2025"]
[Site "Modra"]
[Date "2025.02.21"]
[Round "2.19"]
[White "Gonda, Jan"]
[Black "Ronaj, Filip"]
[Result "1/2-1/2"]
[Annotator "NA"]
[ECO "E82"]
[WhiteElo "1633"]
[BlackElo "1746"]
[PlyCount "83"]
[EventDate "2025.02.20"]
[EventCountry "SVK"]
[SourceTitle "playchess.com"]
[Source "ChessBase"]
[SourceQuality "1"]
[TimeControl "5400+30"]

1. d4 Nf6 2. c4 d6 3. Nc3 g6 4. e4 Bg7 5. f3 O-O 6. Be3 b6 7. Bd3 c5 8. d5 a6 9. Nge2 Bd7 10. O-O Qc7 11. Qc2 Qb7 12. Rab1 b5 13. b3 b4 14. Nd1 e6 15. Bf2 a5 16. h3 Qc8 17. Kh1 a4 18. Bg3 e5 19. Ng1 Nh5 20. Bh2 Bh6 21. g4 Nf4 22. Bxf4 Bxf4 23. Ne2 Bg5 24. f4 Bf6 25. f5 Kg7 26. Rg1 Bh4 27. Ng3 axb3 28. axb3 Na6 29. Ne3 Qd8 30. Kh2 Qg5 31. Ng2 Bxg3+ 32. Kxg3 h5 33. Qe2 h4+ 34. Kh2 Rh8 35. Qe3 Qxe3 36. Nxe3 g5 37. Rg2 Nc7 38. Rgb2 Ra3 39. Nc2 Ra6 40. Ra1 Rxa1 41. Nxa1 Ra8 42. Nc2 1/2-1/2

[Event "Modransky Cup 2025"]
[Site "Modra"]
[Date "2025.02.21"]
[Round "2.21"]
[White "Segeda, Milos"]
[Black "Veres, Alex"]
[Result "0-1"]
[Annotator "NA"]
[ECO "B30"]
[WhiteElo "1519"]
[BlackElo "1699"]
[PlyCount "70"]
[EventDate "2025.02.20"]
[EventCountry "SVK"]
[SourceTitle "playchess.com"]
[Source "ChessBase"]
[SourceQuality "1"]
[TimeControl "5400+30"]

1. e4 c5 2. Nc3 Nc6 3. Bc4 Nf6 4. d3 e6 5. Nf3 d5 6. exd5 exd5 7. Bb5 Bg4 8. O-O Be7 9. Re1 O-O 10. Bxc6 bxc6 11. h3 Bh5 12. g4 Bg6 13. Ne5 Bd6 14. Nxc6 Qc7 15. Ne7+ Bxe7 16. Bg5 d4 17. Bxf6 Bxf6 18. Nd5 Qd6 19. Qf3 Rfe8 20. b3 Be5 21. Kg2 Rad8 22. c4 dxc3 23. d4 cxd4 24. a3 Qxd5 25. Qxd5 Rxd5 26. f4 d3 27. f5 d2 28. fxg6 dxe1=Q 29. gxf7+ Kxf7 30. Rxe1 c2 31. Rf1+ Kg6 32. h4 Bb2 33. h5+ Kg5 34. Rf5+ Rxf5 35. gxf5 c1=Q 0-1

[Event "Modransky Cup 2025"]
[Site "Modra"]
[Date "2025.02.21"]
[Round "2.22"]
[White "Kolibik, Jan"]
[Black "Vernerova, Ema"]
[Result "1-0"]
[Annotator "NA RC"]
[ECO "A25"]
[WhiteElo "1683"]
[BlackElo "1428"]
[PlyCount "77"]
[EventDate "2025.02.20"]
[EventCountry "SVK"]
[SourceTitle "playchess.com"]
[Source "ChessBase"]
[SourceQuality "1"]
[TimeControl "5400+30"]

1. c4 e5 2. g3 Nc6 3. Bg2 Bc5 4. e3 d6 5. Nc3 Be6 6. d3 Qd7 7. Nge2 Bh3 8. O-O O-O-O 9. Na4 Bxg2 10. Kxg2 f5 11. a3 a6 12. b4 Ba7 13. Bb2 d5 14. Qc2 e4 15. d4 b5 16. cxb5 axb5 17. Nc5 Bxc5 18. Qxc5 Qd6 19. Qxb5 Nb8 20. Rfc1 Qd7 21. Rc5 Qxb5 22. Rxb5 Rd7 23. Rc1 Nf6 24. Ra5 Ne8 25. Nf4 Nd6 26. Rxd5 g5 27. Ne6 Na6 28. Nc5 Nxc5 29. dxc5 Nb5 30. Rxd7 Kxd7 31. Bxh8 Nxa3 32. Bb2 Nb5 33. Rd1+ Kc6 34. Rd8 h5 35. Rg8 h4 36. Rxg5 hxg3 37. Kxg3 Kd5 38. Rxf5+ Kc4 39. h4 1-0

[Event "Modransky Cup 2025"]
[Site "Modra"]
[Date "2025.02.21"]
[Round "2.23"]
[White "Chlupik Michal"]
[Black "Hanzel, Richard"]
[Result "0-1"]
[Annotator "NA"]
[ECO "B17"]
[WhiteElo "1355"]
[BlackElo "1668"]
[PlyCount "114"]
[EventDate "2025.02.20"]
[EventCountry "SVK"]
[SourceTitle "playchess.com"]
[Source "ChessBase"]
[SourceQuality "1"]
[TimeControl "5400+30"]

1. e4 c6 2. d4 d5 3. Nd2 dxe4 4. Nxe4 Nd7 5. Nf3 Ngf6 6. Nc3 e6 7. Bf4 Be7 8. Bd3 b6 9. Ne4 Nxe4 10. Bxe4 Bb7 11. O-O Nf6 12. Bd3 O-O 13. c3 c5 14. dxc5 Bxc5 15. b4 Be7 16. Qe2 Qc8 17. Rac1 Rd8 18. Rfd1 Nh5 19. Be3 Qc7 20. h3 Nf4 21. Bxf4 Qxf4 22. Ba6 Bxf3 23. Qxf3 Qxf3 24. gxf3 Kf8 25. Rd3 Bd6 26. Rcd1 Ke7 27. Kg2 Be5 28. c4 Rxd3 29. Rxd3 Rd8 30. Rxd8 Kxd8 31. Kf1 Kc7 32. Ke2 Bc3 33. a3 Bb2 34. a4 Bc3 35. b5 Kd6 36. Kd3 Bf6 37. Bb7 Kc5 38. Be4 h6 39. Bc6 Bd4 40. Be8 f6 41. Bf7 e5 42. f4 Bxf2 43. fxe5 fxe5 44. Ke4 Bd4 45. Bh5 Kd6 46. Bg6 Ke6 47. Bh5 Kf6 48. Kf3 Kg5 49. Bg4 Kh4 50. Ke4 h5 51. Bf5 g5 52. Bc8 g4 53. hxg4 hxg4 54. Bxg4 Kxg4 55. Kd3 Kf3 56. Kd2 e4 57. Ke1 e3 0-1

[Event "Modransky Cup 2025"]
[Site "Modra"]
[Date "2025.02.21"]
[Round "3.1"]
[White "Stevik, Patrik"]
[Black "Petrik, Matus"]
[Result "1-0"]
[Annotator "RC"]
[ECO "D02"]
[WhiteElo "2331"]
[BlackElo "1880"]
[PlyCount "27"]
[EventDate "2025.02.20"]
[EventCountry "SVK"]
[SourceTitle "playchess.com"]
[Source "ChessBase"]
[SourceQuality "1"]
[TimeControl "5400+30"]

1. Nf3 Nf6 2. g3 d5 3. Bg2 c5 4. O-O Nc6 5. d4 cxd4 6. Nxd4 g6 7. c4 Nxd4 8. Qxd4 dxc4 9. Qxd8+ Kxd8 10. Rd1+ Ke8 11. Nc3 Nd7 12. Nb5 Kd8 13. Be3 a6 14. Bb6+ 1-0

[Event "Modransky Cup 2025"]
[Site "Modra"]
[Date "2025.02.21"]
[Round "3.2"]
[White "Rozboril, Alex"]
[Black "Shirinyan, Daniel"]
[Result "0-1"]
[Annotator "RC"]
[ECO "B92"]
[WhiteElo "1633"]
[BlackElo "2231"]
[PlyCount "48"]
[EventDate "2025.02.20"]
[EventCountry "SVK"]
[SourceTitle "playchess.com"]
[Source "ChessBase"]
[SourceQuality "1"]
[TimeControl "5400+30"]

1. e4 c5 2. Nf3 d6 3. d4 cxd4 4. Nxd4 Nf6 5. Nc3 a6 6. Be2 e5 7. Nb3 Be7 8. Be3 Be6 9. a4 Nc6 10. O-O O-O 11. f4 exf4 12. Bxf4 Rc8 13. Rf3 Ne5 14. Rg3 Ng6 15. Be3 Rxc3 16. bxc3 Nxe4 17. Rf3 Nxc3 18. Qd3 Nxe2+ 19. Qxe2 Bg4 20. Qf2 Bxf3 21. Qxf3 Qc7 22. Qe4 Bf6 23. Rd1 Be5 24. a5 Bxh2+ 0-1